[ AOE2 MATCH · #506683059 ]
UnrankedGoths vs Vikings
Player's team · WIN
Rival team · LOSS
[ REPLAY ANALYSIS · EXTRACTED FROM THE RECORDED GAME ]
Feudal
9:37
Castle
19:47
Imperial
—
| APM avg | 62.1 |
| APM peak | 101 |
| eAPM avg | 24.4 |
| Villagers / military | 56 / 29 |
Focus
⚔️ 41.2% · 🌾 58.8%
Skirmisher ×11 · Militia ×10 · Archer ×7 · Spearman ×1
Feudal
11:04
Castle
—
Imperial
—
| APM avg | 61.1 |
| APM peak | 91 |
| eAPM avg | 29.5 |
| Villagers / military | 47 / 26 |
Focus
⚔️ 37.3% · 🌾 62.7%
Skirmisher ×22 · Archer ×4
Match map
Initial resources + every placement click. Lines = walls · curves = elevation contours. ◆ gold · ⬟ stone · ● berries · ✦ relic · ◌ wall gap
Your base· ✓ Closed at 19:47 · 3t walls · 1 gate(s)
[OGL] antibiyotik's base· Open — 4t gap
Smoothed initial terrain · ◌ = detected wall gap · hover for details
Inputs per minute
— AoE2 ANGEL - - [OGL] antibiyotik
Build order — AoE2 ANGEL
138 actions detected in the replay
| 0:00 | Queue | Villager (Male) |
| 0:01 | Queue | Villager (Male) |
| 0:02 | Build | House |
| 0:04 | Build | House |
| 0:13 | Queue | Villager (Male) |
| 0:13 | Queue | Villager (Male) |
| 1:29 | Queue | Villager (Male) |
| 1:29 | Queue | Villager (Male) |
| 1:56 | Queue | Villager (Male) |
| 1:56 | Queue | Villager (Male) |
| 2:20 | Queue | Villager (Male) |
| 2:20 | Queue | Villager (Male) |
| 2:34 | Build | Lumber Camp |
| 2:52 | Queue | Villager (Male) |
| 2:52 | Queue | Villager (Male) |
| 2:52 | Queue | Villager (Male) |
| 2:53 | Queue | Villager (Male) |
| 3:41 | Queue | Villager (Male) |
| 3:42 | Queue | Villager (Male) |
| 3:42 | Queue | Villager (Male) |
| 3:48 | Build | House |
| 4:25 | Queue | Villager (Male) |
| 5:36 | Queue | Villager (Male) |
| 5:53 | Build | House |
| 6:13 | Research | Loom |
| 6:14 | Queue | Villager (Male) |
| 6:29 | Build | Barracks |
| 6:38 | Queue | Villager (Male) |
| 7:27 | Research | Feudal Age |
| 7:39 | Build | Mining Camp |
| 7:40 | Queue | Militia |
| 8:01 | Build | House |
| 8:09 | Queue | Militia |
| 8:26 | Build | House |
| 8:32 | Queue | Militia |
| 8:51 | Build | Palisade Wall |
| 8:53 | Build | Palisade Wall |
| 8:55 | Build | Palisade Wall |
| 9:04 | Build | Palisade Gate |
| 9:12 | Queue | Villager (Male) |
| 9:31 | Queue | Villager (Male) |
| 9:37 | Age | Feudal Age |
| 9:42 | Build | Archery Range |
| 9:45 | Research | Man-at-Arms (upgrade) |
| 9:46 | Research | Man-at-Arms (upgrade) |
| 9:47 | Research | Double-Bit Axe |
| 10:12 | Build | House |
| 10:24 | Queue | Villager (Male) |
| 10:38 | Queue | Villager (Male) |
| 10:54 | Queue | Villager (Male) |
| 10:55 | Queue | Archer |
| 11:04 | Build | Mill |
| 11:13 | Queue | Archer |
| 11:22 | Queue | Villager (Male) |
| 11:25 | Queue | Spearman |
| 11:31 | Queue | Archer |
| 11:33 | Queue | Villager (Male) |
| 11:44 | Build | Farm |
| 11:46 | Build | Farm |
| 11:52 | Queue | Villager (Male) |
| 12:02 | Queue | Archer |
| 12:14 | Build | Farm |
| 12:20 | Build | Farm |
| 12:27 | Queue | Skirmisher |
| 12:39 | Queue | Villager (Male) |
| 12:54 | Build | Blacksmith |
| 13:07 | Queue | Skirmisher |
| 13:07 | Queue | Villager (Male) |
| 13:21 | Build | House |
| 13:22 | Queue | Villager (Male) |
| 13:44 | Queue | Villager (Male) |
| 13:57 | Queue | Villager (Male) |
| 13:59 | Queue | Skirmisher |
| 13:59 | Queue | Archer |
| 13:59 | Queue | Villager (Male) |
| 13:59 | Queue | Villager (Male) |
| 14:08 | Queue | Skirmisher |
| 14:09 | Queue | Archer |
| 14:33 | Build | House |
| 14:38 | Research | Fletching |
| 14:45 | Build | Farm |
| 14:47 | Build | Farm |
| 14:49 | Build | Farm |
| 14:52 | Build | Farm |
| 15:00 | Queue | Villager (Male) |
| 15:01 | Queue | Villager (Male) |
| 15:01 | Queue | Villager (Male) |
| 15:01 | Queue | Villager (Male) |
| 15:02 | Queue | Villager (Male) |
| 15:02 | Queue | Villager (Male) |
| 15:02 | Queue | Villager (Male) |
| 15:11 | Queue | Skirmisher |
| 15:11 | Queue | Villager (Male) |
| 15:18 | Build | Farm |
| 15:33 | Queue | Villager (Male) |
| 15:33 | Queue | Villager (Male) |
| 15:47 | Queue | Villager (Male) |
| 15:47 | Queue | Villager (Male) |
| 15:48 | Queue | Skirmisher |
| 15:49 | Queue | Archer |
| 16:08 | Queue | Skirmisher |
| 16:12 | Queue | Militia |
| 16:30 | Queue | Villager (Male) |
| 16:33 | Build | Farm |
| 16:36 | Build | Farm |
| 16:37 | Build | Farm |
| 16:38 | Build | Farm |
| 16:41 | Build | Farm |
| 16:57 | Queue | Militia |
| 17:02 | Build | House |
| 17:06 | Research | Castle Age |
| 17:30 | Build | House |
| 17:35 | Queue | Militia |
| 17:36 | Queue | Skirmisher |
| 17:41 | Build | Farm |
| 17:46 | Research | Horse Collar |
| 17:46 | Research | Horse Collar |
| 17:52 | Research | Padded Archer Armor |
| 18:22 | Queue | Villager (Male) |
| 18:23 | Queue | Villager (Male) |
| 18:23 | Queue | Villager (Male) |
| 18:23 | Queue | Villager (Male) |
| 18:35 | Queue | Skirmisher |
| 18:36 | Queue | Militia |
| 18:55 | Queue | Militia |
| 19:00 | Research | Forging |
| 19:06 | Build | Mining Camp |
| 19:11 | Queue | Skirmisher |
| 19:11 | Queue | Villager (Male) |
| 19:18 | Queue | Militia |
| 19:22 | Queue | Skirmisher |
| 19:47 | Age | Castle Age |
| 19:54 | Research | Bodkin Arrow |
| 20:02 | Research | Long Swordsman (upgrade) |
| 20:43 | Queue | Militia |
| 20:43 | Queue | Villager (Male) |
| 20:44 | Queue | Villager (Male) |
| 20:47 | Build | Farm |
Build order — [OGL] antibiyotik
129 actions detected in the replay
| 0:00 | Queue | Villager (Male) |
| 0:00 | Queue | Villager (Male) |
| 0:00 | Queue | Villager (Male) |
| 0:02 | Build | House |
| 0:07 | Queue | Villager (Male) |
| 0:20 | Build | House |
| 2:00 | Queue | Villager (Male) |
| 2:07 | Build | House |
| 2:24 | Research | Loom |
| 2:39 | Queue | Villager (Male) |
| 2:39 | Queue | Villager (Male) |
| 3:08 | Build | Mining Camp |
| 3:29 | Queue | Villager (Male) |
| 3:43 | Queue | Villager (Male) |
| 3:43 | Queue | Villager (Male) |
| 4:21 | Queue | Villager (Male) |
| 4:21 | Queue | Villager (Male) |
| 4:29 | Queue | Villager (Male) |
| 4:29 | Queue | Villager (Male) |
| 5:15 | Queue | Villager (Male) |
| 5:26 | Queue | Villager (Male) |
| 5:56 | Queue | Villager (Male) |
| 6:26 | Build | Mill |
| 6:34 | Queue | Villager (Male) |
| 6:48 | Queue | Villager (Male) |
| 7:04 | Build | House |
| 7:20 | Queue | Villager (Male) |
| 8:02 | Queue | Villager (Male) |
| 8:06 | Build | Lumber Camp |
| 8:23 | Queue | Villager (Male) |
| 8:54 | Research | Feudal Age |
| 9:35 | Queue | Villager (Male) |
| 9:35 | Queue | Villager (Male) |
| 9:52 | Build | Palisade Wall |
| 9:55 | Build | Palisade Wall |
| 9:55 | Build | Palisade Wall |
| 10:07 | Build | Palisade Wall |
| 10:24 | Build | Barracks |
| 10:46 | Build | Palisade Wall |
| 10:50 | Build | Palisade Wall |
| 11:04 | Age | Feudal Age |
| 11:45 | Build | Archery Range |
| 11:48 | Queue | Villager (Male) |
| 11:48 | Queue | Villager (Male) |
| 11:57 | Research | Town Watch |
| 12:05 | Build | House |
| 12:21 | Queue | Archer |
| 12:25 | Queue | Archer |
| 12:43 | Queue | Archer |
| 12:49 | Queue | Villager (Male) |
| 13:09 | Research | Horse Collar |
| 13:30 | Build | Blacksmith |
| 13:36 | Queue | Villager (Male) |
| 13:37 | Queue | Villager (Male) |
| 13:39 | Build | Farm |
| 13:39 | Build | Farm |
| 13:40 | Build | Farm |
| 13:40 | Build | Farm |
| 13:40 | Build | Farm |
| 14:00 | Queue | Villager (Male) |
| 14:00 | Queue | Villager (Male) |
| 14:11 | Build | House |
| 14:15 | Build | Farm |
| 14:23 | Build | Farm |
| 14:25 | Research | Fletching |
| 14:27 | Queue | Archer |
| 14:31 | Queue | Villager (Male) |
| 14:32 | Queue | Villager (Male) |
| 14:38 | Build | House |
| 14:48 | Queue | Villager (Male) |
| 14:53 | Build | Farm |
| 15:54 | Queue | Villager (Male) |
| 15:54 | Queue | Villager (Male) |
| 15:54 | Queue | Villager (Male) |
| 15:59 | Build | Market |
| 16:05 | Queue | Villager (Male) |
| 16:05 | Queue | Villager (Male) |
| 16:07 | Build | Farm |
| 16:15 | Queue | Skirmisher |
| 16:15 | Queue | Skirmisher |
| 16:17 | Queue | Skirmisher |
| 16:34 | Research | Double-Bit Axe |
| 16:40 | Queue | Villager (Male) |
| 16:54 | Queue | Villager (Male) |
| 16:55 | Queue | Villager (Male) |
| 17:02 | Queue | Skirmisher |
| 17:04 | Build | Farm |
| 17:05 | Build | Farm |
| 17:06 | Build | Farm |
| 17:09 | Build | Farm |
| 17:09 | Build | Farm |
| 17:18 | Build | Farm |
| 17:19 | Queue | Skirmisher |
| 17:32 | Build | Farm |
| 17:35 | Build | Farm |
| 17:40 | Build | House |
| 17:48 | Queue | Skirmisher |
| 17:48 | Queue | Skirmisher |
| 17:50 | Research | Padded Archer Armor |
| 17:51 | Queue | Skirmisher |
| 17:52 | Queue | Skirmisher |
| 18:07 | Build | House |
| 18:22 | Queue | Skirmisher |
| 18:22 | Queue | Skirmisher |
| 18:34 | Queue | Skirmisher |
| 18:37 | Build | House |
| 18:38 | Build | Farm |
| 18:40 | Build | Farm |
| 18:56 | Queue | Skirmisher |
| 18:56 | Queue | Villager (Male) |
| 19:02 | Build | House |
| 19:04 | Build | House |
| 19:09 | Build | Farm |
| 19:10 | Build | Farm |
| 19:14 | Queue | Skirmisher |
| 19:42 | Queue | Skirmisher |
| 19:43 | Queue | Skirmisher |
| 19:47 | Queue | Villager (Male) |
| 19:48 | Queue | Villager (Male) |
| 20:00 | Queue | Skirmisher |
| 20:02 | Build | Farm |
| 20:21 | Queue | Skirmisher |
| 20:21 | Queue | Skirmisher |
| 20:22 | Queue | Skirmisher |
| 20:34 | Queue | Skirmisher |
| 20:34 | Queue | Skirmisher |
| 20:37 | Build | Farm |
| 20:45 | Queue | Villager (Male) |
| 20:46 | Queue | Villager (Male) |
Match timeline
| 6:29 | AoE2 ANGEL · first_building Barracks |
| 8:51 | AoE2 ANGEL · wall_segment Palisade Wall x1 |
| 8:53 | AoE2 ANGEL · wall_segment Palisade Wall x1 |
| 8:55 | AoE2 ANGEL · wall_segment Palisade Wall x1 |
| 9:37 | AoE2 ANGEL · age_up feudal |
| 9:42 | AoE2 ANGEL · first_building Archery Range |
| 9:52 | [OGL] antibiyotik · wall_segment Palisade Wall x1 |
| 9:55 | [OGL] antibiyotik · wall_segment Palisade Wall x1 |
| 9:55 | [OGL] antibiyotik · wall_segment Palisade Wall x1 |
| 10:07 | [OGL] antibiyotik · wall_segment Palisade Wall x1 |
| 10:24 | [OGL] antibiyotik · first_building Barracks |
| 10:46 | [OGL] antibiyotik · wall_segment Palisade Wall x1 |
| 10:50 | [OGL] antibiyotik · wall_segment Palisade Wall x1 |
| 11:04 | [OGL] antibiyotik · age_up feudal |
| 11:45 | [OGL] antibiyotik · first_building Archery Range |
| 19:47 | AoE2 ANGEL · age_up castle |
| 20:51 | [OGL] antibiyotik · resign |
[ AI ANALYSIS · 1 CREDIT ]
What really happened in this match?
Wolo.gg analyzes every decision: build order, eco, micro, common mistakes by bracket. Personalized analysis on WhatsApp or Discord in 30 seconds.
Civ guide
Goths
Perfil
AoE2 ANGEL